[Event "Titled Tuesday Blitz August 1 Early 2023"]
[White "Dimitrov, Atanas"]
[Black "Souleidis, Georgios"]
[WhiteFideId "2901315"]
[BlackFideId "4206827"]
[WhiteElo "2707"]
[BlackElo "2555"]
[Result "1/2-1/2"]
[Round "11"]
[TimeControl "180+1"]
[Date "2023.08.01"]
[WhiteClock "0:00:02"]
[BlackClock "0:00:13"]
[Board "46"]

1. Nf3 Nf6 2. c4 g6 3. b3 Bg7 4. Bb2 O-O 5. e3 c5 6. Nc3 b6 7. Be2 Bb7 8. O-O Nc6 9. Rc1 Rc8 10. d4 cxd4 11. Nxd4 Nxd4 12. Qxd4 Ne4 13. Qd3 Nxc3 14. Bxc3 Bxc3 15. Rxc3 d5 16. Bf3 e6 17. cxd5 Rxc3 18. Qxc3 Bxd5 19. Rd1 Qc8 20. Qxc8 Rxc8 21. Bxd5 exd5 22. g3 Rc2 23. a4 Rb2 24. Rd3 Kf8 25. Kg2 Ke7 26. Rxd5 Rxb3 27. a5 Ke6 28. e4 b5 29. a6 f5 30. f3 Rb2+ 31. Kh3 fxe4 32. fxe4 Ra2 33. Rxb5 Rxa6 34. Kg4 Ra2 35. h4 a5 36. Kf4 a4 37. Rb6+ Kf7 38. Rb7+ Kg8 39. Kg5 Re2 40. Kf6 Rf2+ 41. Ke6 a3 42. Ra7 a2 43. e5 h6 44. Kd6 Rd2+ 45. Ke7 Kg7 46. e6 g5 47. h5 g4 48. Ke8+ Kg8 49. e7 Kg7 50. Ra6 Kg8 51. Ra4 Kh7 52. Kf7 Rf2+ 53. Ke6 Re2+ 54. Kd6 Rd2+ 55. Kc7 Rc2+ 56. Kd8 Rd2+ 57. Kc8 Rc2+ 58. Kd8 Rd2+ 59. Ke8 Re2 60. Kf7 Rf2+ 61. Ke6 Re2+ 62. Kf7 Rf2+ 1/2-1/2


[Site "https://www.chess.com"]

[Event "Titled Tuesday Blitz August 1 Early 2023"]
[White "Golubev, Mikhail"]
[Black "nickVet"]
[WhiteFideId "14100983"]
[WhiteElo "2548"]
[BlackElo "2703"]
[Result "1-0"]
[Round "11"]
[TimeControl "180+1"]
[Date "2023.08.01"]
[WhiteClock "0:01:26"]
[BlackClock "0:02:04"]
[Board "47"]

1. e4 c5 2. Nf3 e6 3. d4 cxd4 4. Nxd4 Nc6 5. Nc3 Qc7 6. Be3 a6 7. Bd3 Nf6 8. O-O Be7 9. f4 d6 10. Qf3 O-O 11. Rae1 Kh8 12. Qg3 Nxd4 13. Bxd4 b5 14. e5 dxe5 15. fxe5 Bc5 16. Bxc5 Qxc5+ 17. Kh1 Nd7 18. Qh4 g6 19. Ne4 Qxe5 20. Nf6 1-0


[Site "https://www.chess.com"]

[Event "Titled Tuesday Blitz August 1 Early 2023"]
[White "Fiorito, Francisco"]
[Black "Zeynalli, Rashad"]
[WhiteFideId "180165"]
[BlackFideId "13403320"]
[WhiteElo "2550"]
[BlackElo "2699"]
[Result "1/2-1/2"]
[Round "11"]
[TimeControl "180+1"]
[Date "2023.08.01"]
[WhiteClock "0:00:09"]
[BlackClock "0:00:30"]
[Board "48"]

1. e4 c6 2. d3 d5 3. Qe2 g6 4. f4 Bg7 5. Nf3 Bg4 6. g3 Qb6 7. c3 dxe4 8. dxe4 Nf6 9. Bg2 O-O 10. Be3 Qa6 11. Nbd2 Rd8 12. h3 Be6 13. Nd4 Bd7 14. g4 Qxe2+ 15. Kxe2 Na6 16. Nc4 Nc5 17. e5 Nd5 18. Bd2 Ne6 19. Nxe6 Bxe6 20. Na5 Rd7 21. Nb3 Rc7 22. Rad1 b6 23. Nd4 g5 24. f5 Bd7 25. Nf3 Nf4+ 26. Bxf4 gxf4 27. Rd4 c5 28. Rxf4 Bb5+ 29. c4 Bc6 30. f6 exf6 31. exf6 Bh6 32. g5 Bf8 33. Nh4 Re8+ 34. Kf2 Bxg2 35. Nxg2 Rd7 36. b3 Rd2+ 37. Kf3 Rxa2 38. Re1 Rd8 39. Rfe4 Rb2 40. R4e3 Rdd2 41. Nf4 Rf2+ 42. Ke4 a6 43. Nd3 h6 44. Nxb2 Rxb2 45. h4 Kh7 46. Kf5 Rf2+ 47. Kg4 hxg5 48. hxg5 Kg6 49. Rh1 Rg2+ 50. Rg3 Rxg3+ 51. Kxg3 Kxg5 52. Rf1 Bd6+ 53. Kg2 Be5 54. Rd1 Kxf6 55. Kf3 Ke6 56. Rh1 b5 57. Ke4 f5+ 58. Ke3 Bd4+ 59. Kf3 Ke5 60. Rh8 Bc3 61. Rd8 bxc4 62. bxc4 Bb4 63. Rd5+ Ke6 64. Kf4 a5 65. Rxf5 a4 66. Rf8 a3 67. Ra8 Kd6 68. Ke4 Kc6 69. Kd3 Kd6 70. Kc2 Ke5 71. Kb3 Kd4 72. Rd8+ Ke3 73. Rd1 Ke4 74. Rh1 Kd4 75. Rh4+ Kd3 76. Rg4 Ke3 77. Rg5 Kf4 78. Rd5 Ke4 79. Ka2 Ke3 80. Rd8 Ke4 81. Kb3 Ke3 82. Ra8 Kd4 83. Ra6 Kd3 84. Rd6+ Ke2 85. Rd8 Ke1 86. Ra8 Kd1 87. Rxa3 Bxa3 88. Kxa3 Kc2 89. Ka2 Kc3 90. Kb1 Kb3 91. Kc1 Kc3 92. Kb1 Kd3 93. Kc1 Kd4 94. Kd2 Kxc4 95. Kc2 Kb4 96. Kb2 Kc4 97. Kc2 Kd4 98. Kd2 c4 99. Kc2 c3 100. Kc1 Kc4 101. Kc2 Kb4 102. Kc1 Kb3 103. Kb1 c2+ 104. Kc1 Kc3 1/2-1/2


[Site "https://www.chess.com"]

[Event "Titled Tuesday Blitz August 1 Early 2023"]
[White "Rosen, Eric"]
[Black "Thecourseoisildur"]
[WhiteFideId "2032562"]
[WhiteElo "2694"]
[BlackElo "2546"]
[Result "1/2-1/2"]
[Round "11"]
[TimeControl "180+1"]
[Date "2023.08.01"]
[WhiteClock "0:00:05"]
[BlackClock "0:00:06"]
[Board "49"]

1. Nf3 Nf6 2. b3 g6 3. Bb2 Bg7 4. d4 d5 5. e3 O-O 6. Be2 c5 7. O-O Ne4 8. Nbd2 Nc6 9. c4 Bg4 10. cxd5 Qxd5 11. h3 Bf5 12. g4 Nxd2 13. Qxd2 Be4 14. Bc4 Qd7 15. Ng5 Bd5 16. dxc5 Rad8 17. Bxg7 Kxg7 18. Rad1 e6 19. e4 Bxc4 20. Qc3+ Nd4 21. Qxc4 e5 22. f4 h6 23. c6 bxc6 24. fxe5 hxg5 25. e6 Nf3+ 26. Kf2 Qxe6 27. Kxf3 Qf6+ 28. Kg2 Qb2+ 29. Rf2 Qe5 30. Rdf1 f6 31. a4 Rd4 32. Qxc6 Qxe4+ 33. Qxe4 Rxe4 34. Rf3 Re2+ 35. Kg3 Rb2 36. Rc3 Rd8 37. Rf2 Rdd2 38. Rxd2 Rxd2 39. Rc7+ Kh6 40. Rxa7 Rd3+ 41. Kg2 Rxb3 42. Ra6 Kg7 43. a5 Ra3 44. Kh2 f5 45. gxf5 gxf5 46. Ra8 Kf6 47. a6 Kg7 48. Kg2 Rb3 49. Kh2 Ra3 50. Ra7+ Kg6 51. Kg2 Kf6 52. Ra8 Kg7 53. Kh2 Kh7 54. Kg2 Kg7 55. Ra7+ Kg6 56. Kh2 Kf6 57. Ra8 Kg7 1/2-1/2


[Site "https://www.chess.com"]

[Event "Titled Tuesday Blitz August 1 Early 2023"]
[White "Womacka, Mathias"]
[Black "only_strong_moves"]
[WhiteFideId "4611390"]
[WhiteElo "2545"]
[BlackElo "2692"]
[Result "0-1"]
[Round "11"]
[TimeControl "180+1"]
[Date "2023.08.01"]
[WhiteClock "0:00:01"]
[BlackClock "0:00:08"]
[Board "50"]

1. e4 e5 2. Nf3 Nc6 3. Bb5 Nf6 4. O-O Nxe4 5. Re1 Nd6 6. Nxe5 Be7 7. Bf1 Nxe5 8. Rxe5 O-O 9. d4 Bf6 10. Re1 Nf5 11. d5 d6 12. Nd2 Bg5 13. c3 Bd7 14. Qb3 b6 15. Nf3 Bxc1 16. Raxc1 Qf6 17. Bb5 Rad8 18. Bxd7 Rxd7 19. Qa4 Re7 20. Qxa7 Rfe8 21. Rxe7 Qxe7 22. h3 Qd7 23. Qa6 h6 24. Qd3 g6 25. g3 Qa4 26. a3 Qb3 27. Qd2 Kh7 28. Kg2 Ng7 29. Re1 Rxe1 30. Nxe1 Nf5 31. Nf3 Qc4 32. g4 Ne7 33. Qd4 Qxd5 34. Qxd5 Nxd5 35. Kg3 Kg7 36. c4 Nf6 37. Kf4 Kf8 38. b4 Ke7 39. Ke3 c5 40. Nd2 Ke6 41. Ne4 Nd7 42. Nc3 Ne5 43. Nb5 Nxc4+ 44. Kd3 d5 45. a4 cxb4 46. Kd4 b3 47. Nc7+ Kd6 48. Nxd5 b2 49. Nc3 Na3 50. f4 b1=Q 51. Nxb1 Nxb1 52. Kc4 Kc6 53. Kd4 Nd2 54. Ke5 Nf3+ 55. Kf6 g5 56. f5 Kd5 57. Kxf7 Ng1 58. Kg6 Nxh3 59. f6 Nf4+ 60. Kxh6 Ne6 61. f7 Ke5 62. f8=Q Nxf8 63. Kxg5 Ne6+ 64. Kh6 Kf6 65. Kh5 Nc5 66. Kh6 Kf7 67. g5 Kg8 68. Kg6 Nxa4 69. Kf5 b5 70. Ke5 b4 71. Kd4 b3 72. Kd3 b2 73. Kc2 Kg7 74. Kb1 Kg6 75. Ka2 Kxg5 76. Ka3 Kf4 77. Kxa4 b1=Q 78. Ka5 Ke5 0-1


[Site "https://www.chess.com"]

[Event "Titled Tuesday Blitz August 1 Early 2023"]
[White "Eynullayev, Altay"]
[Black "Klukin, Kirill"]
[WhiteFideId "13413562"]
[BlackFideId "24199273"]
[WhiteElo "2543"]
[BlackElo "2689"]
[Result "0-1"]
[Round "11"]
[TimeControl "180+1"]
[Date "2023.08.01"]
[WhiteClock "0:00:07"]
[BlackClock "0:00:07"]
[Board "51"]

1. e4 c5 2. Nf3 g6 3. d4 cxd4 4. Nxd4 Bg7 5. c4 Nc6 6. Be3 Nf6 7. Nc3 O-O 8. Be2 d6 9. O-O Bd7 10. Nc2 Rc8 11. f3 a6 12. Na3 Be6 13. Nd5 Nd7 14. Qd2 Re8 15. Rac1 Qa5 16. Qxa5 Nxa5 17. Rc2 Nc6 18. g4 Nd4 19. Rd2 Nxe2+ 20. Rxe2 Ne5 21. b3 Nc6 22. Nf4 Bd7 23. Rd1 Ne5 24. Kf2 b5 25. cxb5 axb5 26. Nd5 Bc6 27. Nb6 Rb8 28. Rc2 Bxe4 29. fxe4 Nxg4+ 30. Kf3 Nxe3 31. Kxe3 Rxb6 32. Nb1 Ra6 33. Rd5 Rb8 34. a3 Bf6 35. Kd3 Kg7 36. Rc7 Rab6 37. Kc2 R6b7 38. Rc6 Be5 39. Nd2 Rb6 40. Rc7 e6 41. Rd3 Bf4 42. Nf3 d5 43. exd5 Bxc7 0-1


[Site "https://www.chess.com"]

[Event "Titled Tuesday Blitz August 1 Early 2023"]
[White "Jaskolka, Tomasz"]
[Black "Hua, Lefong"]
[WhiteFideId "1170791"]
[BlackFideId "2602253"]
[WhiteElo "2540"]
[BlackElo "2656"]
[Result "0-1"]
[Round "11"]
[TimeControl "180+1"]
[Date "2023.08.01"]
[WhiteClock "0:00:01"]
[BlackClock "0:00:34"]
[Board "52"]

1. d4 Nf6 2. Nc3 d5 3. Bf4 g6 4. e3 Bg7 5. h4 c6 6. Be2 h5 7. Nf3 Bg4 8. Ng5 Bxe2 9. Qxe2 Nbd7 10. O-O-O Qa5 11. Kb1 b5 12. Qd3 b4 13. Ne2 Ng4 14. Rhf1 e5 15. f3 Nh6 16. Bh2 O-O 17. g4 hxg4 18. fxg4 e4 19. Qd2 Nf6 20. h5 Nhxg4 21. hxg6 Nxh2 22. gxf7+ Rxf7 23. Nxf7 Kxf7 24. Rf5 Nf3 25. Qc1 Ke6 26. Rf4 Rh8 27. Rf1 Rh2 28. Ng3 Bh6 29. R4xf3 exf3 30. Rxf3 Ne4 31. Nxe4 dxe4 32. Rg3 Qh5 33. Qg1 Rh1 34. Rg6+ Kf7 0-1


[Site "https://www.chess.com"]

[Event "Titled Tuesday Blitz August 1 Early 2023"]
[White "Iskusnyh, Sergei"]
[Black "Santos Flores, Alberto"]
[WhiteFideId "4120027"]
[BlackFideId "3601234"]
[WhiteElo "2646"]
[BlackElo "2536"]
[Result "0-1"]
[Round "11"]
[TimeControl "180+1"]
[Date "2023.08.01"]
[WhiteClock "0:00:00"]
[BlackClock "0:00:14"]
[Board "53"]

1. d4 d5 2. c4 c6 3. Nf3 Nf6 4. e3 Bf5 5. Nc3 e6 6. Nh4 Bg4 7. Qb3 Qb6 8. h3 Bh5 9. g4 Bg6 10. Nxg6 hxg6 11. Bg2 Nbd7 12. Bd2 Be7 13. c5 Qxb3 14. axb3 a6 15. g5 Ng8 16. f4 Bd8 17. b4 Rb8 18. e4 Ne7 19. exd5 exd5 20. O-O-O O-O 21. Be3 Bc7 22. Rd3 Nf5 23. Bd2 Rfe8 24. h4 Nf8 25. h5 Ne6 26. hxg6 fxg6 27. Nxd5 cxd5 28. Bxd5 Kf8 29. Bxe6 Rxe6 30. d5 Re4 31. d6 Bd8 32. Rh8+ Kf7 33. Kb1 Rd4 34. Rxd4 Nxd4 35. Bc3 Nc6 36. Rh7 Ke6 37. Rxg7 Kf5 38. Rf7+ Ke4 39. f5 gxf5 40. g6 Bg5 41. g7 Bh6 42. Kc2 f4 43. Bd2 Rg8 44. Bc3 f3 45. Kd1 Nd4 46. Re7+ Kd3 47. Ke1 Bxg7 48. Rxg7 Rxg7 49. Kf2 Rg2+ 50. Kf1 Ne2 51. d7 Ng3+ 52. Ke1 f2+ 0-1


[Site "https://www.chess.com"]

[Event "Titled Tuesday Blitz August 1 Early 2023"]
[White "benny_aizenberg"]
[Black "Shapiro, Viktor"]
[BlackFideId "4175700"]
[WhiteElo "2646"]
[BlackElo "2535"]
[Result "0-1"]
[Round "11"]
[TimeControl "180+1"]
[Date "2023.08.01"]
[WhiteClock "0:00:01"]
[BlackClock "0:00:34"]
[Board "54"]

1. g4 d6 2. g5 e5 3. h4 h6 4. g6 fxg6 5. Bg2 Nc6 6. c4 Nf6 7. Nc3 Be7 8. d3 O-O 9. Nf3 Bg4 10. Be3 Nh5 11. Nd5 Bf6 12. Qb3 Rb8 13. O-O-O Be6 14. Nd2 a5 15. Be4 Nf4 16. Rde1 Nxd5 17. cxd5 Bf7 18. Reg1 Ne7 19. Bg5 c6 20. Bxf6 gxf6 21. Bxg6 Nxg6 22. h5 Kg7 23. Qc4 f5 24. e4 cxd5 25. exd5 Rc8 26. hxg6 Bxd5 27. Qxc8 Qxc8+ 28. Kb1 Bxh1 29. Rxh1 Rf6 30. Nc4 b5 31. Nxa5 Qa8 32. Rc1 Qxa5 33. Rc7+ Kxg6 34. Rc1 Qd2 35. Rg1+ Kf7 36. a3 Qxd3+ 37. Ka2 d5 38. Rh1 Ra6 39. Rh4 f4 40. f3 b4 41. Rh5 Rxa3+ 42. bxa3 Qc2+ 43. Ka1 b3 44. Rf5+ Ke6 45. Rf6+ Kxf6 46. a4 Qa2# 0-1


[Site "https://www.chess.com"]

[Event "Titled Tuesday Blitz August 1 Early 2023"]
[White "Guerra Tulcan, Lenin"]
[Black "Papayan, Oleg"]
[WhiteFideId "3601382"]
[BlackFideId "4193911"]
[WhiteElo "2645"]
[BlackElo "2512"]
[Result "1-0"]
[Round "11"]
[TimeControl "180+1"]
[Date "2023.08.01"]
[WhiteClock "0:00:36"]
[BlackClock "0:00:00"]
[Board "55"]

1. e4 d5 2. exd5 Qxd5 3. d4 Nf6 4. Nf3 c6 5. Be2 Bf5 6. O-O e6 7. c4 Qd8 8. Nc3 Nbd7 9. Re1 Bd6 10. d5 cxd5 11. cxd5 e5 12. Nb5 Qb8 13. Nd2 O-O 14. Nc4 Bc5 15. d6 a6 16. Nc7 Ra7 17. Be3 Bxe3 18. Nxe3 Bg6 19. a4 Ne8 20. Rc1 Nxc7 21. dxc7 Qc8 22. Nd5 Re8 23. b4 b6 24. Rc6 Be4 25. Bc4 Bxd5 26. Qxd5 Re7 27. Bd3 Rxc7 28. Rec1 Nf6 29. Rxc7 Rxc7 30. Rxc7 Qxc7 31. Qa8+ 1-0


[Site "https://www.chess.com"]

[Event "Titled Tuesday Blitz August 1 Early 2023"]
[White "Ovetchkin, Roman"]
[Black "Kovalevsky, Stanislav"]
[WhiteFideId "4119991"]
[BlackFideId "13508598"]
[WhiteElo "2645"]
[BlackElo "2505"]
[Result "1-0"]
[Round "11"]
[TimeControl "180+1"]
[Date "2023.08.01"]
[WhiteClock "0:00:12"]
[BlackClock "0:00:00"]
[Board "56"]

1. d4 d5 2. c4 c6 3. Nf3 Nf6 4. Qc2 a6 5. Nbd2 Bg4 6. Ne5 Bh5 7. Qb3 Qc8 8. e3 e6 9. Ndf3 Nbd7 10. Be2 Nxe5 11. Nxe5 Bxe2 12. Kxe2 Bd6 13. Nf3 O-O 14. Bd2 Re8 15. Rhc1 Qd7 16. Bb4 Bc7 17. a4 e5 18. dxe5 Bxe5 19. Rd1 Qg4 20. Kf1 dxc4 21. Qc2 Nd5 22. Be1 Bf6 23. h3 Qe4 24. Qxe4 Rxe4 25. Nd2 Rxe3 26. fxe3 Nxe3+ 27. Ke2 Re8 28. Rab1 b5 29. Bf2 Nxd1+ 30. Kxd1 Bg5 31. Nf3 Bf4 32. Bd4 f6 33. b3 Rd8 34. Kc2 Re8 35. bxc4 Re2+ 36. Kd3 Rxg2 37. cxb5 cxb5 38. axb5 axb5 39. Rxb5 Rg3 40. Ke4 Bd6 41. h4 Kf7 42. Rb6 Ke6 43. Bc5 Rg4+ 44. Kd3 Rg3 45. Rxd6+ 1-0


[Site "https://www.chess.com"]

[Event "Titled Tuesday Blitz August 1 Early 2023"]
[White "Weishaeutel, Moritz"]
[Black "Willy, Stephen"]
[WhiteFideId "12967300"]
[BlackFideId "30981468"]
[WhiteElo "2642"]
[BlackElo "2464"]
[Result "0-1"]
[Round "11"]
[TimeControl "180+1"]
[Date "2023.08.01"]
[WhiteClock "0:00:12"]
[BlackClock "0:00:06"]
[Board "57"]

1. e4 c5 2. d4 cxd4 3. c3 Nf6 4. e5 Nd5 5. Nf3 Nc6 6. Bc4 Nb6 7. Bb3 d5 8. exd6 Qxd6 9. O-O Be6 10. Na3 dxc3 11. Qe2 Bxb3 12. Nb5 Qd7 13. axb3 e6 14. Rd1 Qc8 15. Bf4 Be7 16. Nc7+ Kf8 17. Nxa8 cxb2 18. Qxb2 Nxa8 19. Rac1 Nb6 20. Ne5 Nd5 21. Nxc6 bxc6 22. Be5 f6 23. Bd4 Qb7 24. Ra1 c5 25. Bc3 Kf7 26. Qc2 Rd8 27. Be1 g6 28. g3 Rc8 29. Qe2 Rc7 30. Rd3 Nb4 31. Re3 e5 32. Rd1 Nc6 33. Qc4+ Kg7 34. Qg4 Nd4 35. Bc3 h5 36. Qh3 Rd7 37. Bxd4 Rxd4 38. Rc1 Qd7 39. Qxd7 Rxd7 40. Ra1 f5 41. Re2 e4 42. Rea2 Kf6 43. Rxa7 Rxa7 44. Rxa7 Bd6 45. Ra6 Ke5 46. Kf1 g5 47. Ke2 f4 48. Ra8 Be7 49. Re8 Kd6 50. Rh8 h4 51. gxh4 gxh4 52. Rxh4 Bxh4 53. f3 e3 54. Kd3 Kd5 55. b4 cxb4 56. Ke2 b3 57. h3 b2 58. Kf1 b1=Q+ 59. Kg2 Qc2+ 60. Kh1 Qd1+ 61. Kh2 Qe2+ 62. Kh1 Qf1+ 63. Kh2 Bg3# 0-1


[Site "https://www.chess.com"]

[Event "Titled Tuesday Blitz August 1 Early 2023"]
[White "Pandey Srishti"]
[Black "Vantika Agrawal"]
[WhiteFideId "35093290"]
[BlackFideId "25050389"]
[WhiteElo "2470"]
[BlackElo "2639"]
[Result "1-0"]
[Round "11"]
[TimeControl "180+1"]
[Date "2023.08.01"]
[WhiteClock "0:01:21"]
[BlackClock "0:00:00"]
[Board "58"]

1. e4 c5 2. Nf3 Nc6 3. d4 cxd4 4. Nxd4 Nf6 5. Nc3 e5 6. Ndb5 d6 7. Nd5 Nxd5 8. exd5 Nb8 9. a4 Be7 10. Bd3 O-O 11. O-O a6 12. Na3 f5 13. f4 Nd7 14. Nc4 exf4 15. Bxf4 Nc5 16. Kh1 g5 17. Be3 Nxd3 18. Qxd3 f4 19. Bb6 Qe8 20. Rae1 Qf7 21. Bc7 Bf5 22. Qd2 Qf6 23. Nb6 Rae8 24. c4 Bd8 25. Bxd8 Rxd8 26. a5 Rde8 27. b4 Rxe1 28. Rxe1 Qf7 29. c5 Re8 30. cxd6 g4 31. Kg1 Rxe1+ 32. Qxe1 Bd7 33. Qe5 Bb5 34. Qg5+ Kf8 35. Qd8+ Kg7 36. d7 f3 37. Qg5+ Qg6 38. Qxg6+ Kxg6 39. d8=Q f2+ 40. Kxf2 1-0


[Site "https://www.chess.com"]

[Event "Titled Tuesday Blitz August 1 Early 2023"]
[White "Hrbek, Stepan"]
[Black "Perdomo, Carlos Andres"]
[WhiteFideId "393479"]
[BlackFideId "4400852"]
[WhiteElo "2405"]
[BlackElo "2625"]
[Result "1-0"]
[Round "11"]
[TimeControl "180+1"]
[Date "2023.08.01"]
[WhiteClock "0:00:41"]
[BlackClock "0:00:00"]
[Board "59"]

1. e4 c5 2. Nf3 e6 3. d4 cxd4 4. Nxd4 Nc6 5. Nc3 a6 6. g3 Qc7 7. Bg2 Nf6 8. O-O Be7 9. Re1 d6 10. Nxc6 bxc6 11. e5 dxe5 12. Rxe5 Qxe5 13. Bxc6+ Bd7 14. Bxa8 O-O 15. Bf3 Bb4 16. Bd2 Rc8 17. Qe2 Qa5 18. a3 Bb5 19. Qe5 Be7 20. a4 Nd7 21. Qe1 Bc6 22. Nd5 Qd8 23. Nxe7+ Qxe7 24. Bxc6 Rxc6 25. Bc3 h6 26. Rd1 Nb6 27. Qe4 Qc7 28. Be5 Qc8 29. Qg4 Qf8 30. Rd8 g6 31. Rxf8+ Kxf8 32. a5 Nd5 33. c4 Ne7 34. Qd4 Rc8 35. Bd6 Ke8 36. Bxe7 Kxe7 37. Qa7+ Kf6 38. Qxa6 Rb8 39. Qd6 Rb3 40. a6 Rd3 41. Qxd3 1-0


[Site "https://www.chess.com"]

[Event "Titled Tuesday Blitz August 1 Early 2023"]
[White "Piesik, Piotr"]
[Black "Martin, Lewis"]
[WhiteFideId "1136194"]
[BlackFideId "410551"]
[WhiteElo "2609"]
[BlackElo "2324"]
[Result "1-0"]
[Round "11"]
[TimeControl "180+1"]
[Date "2023.08.01"]
[WhiteClock "0:00:54"]
[BlackClock "0:00:03"]
[Board "60"]

1. Nf3 Nf6 2. g3 d5 3. Bg2 c6 4. O-O Nbd7 5. d3 e6 6. Nbd2 Be7 7. e4 dxe4 8. dxe4 O-O 9. Qe2 b6 10. Rd1 Bb7 11. a4 e5 12. Nc4 Qc7 13. b3 b5 14. Ncd2 a6 15. Bb2 Rfe8 16. Nh4 Bf8 17. Nf5 Rad8 18. axb5 cxb5 19. c4 b4 20. Ne3 Nc5 21. Nd5 Nxd5 22. cxd5 a5 23. Qf3 f6 24. Nc4 a4 25. bxa4 Nxa4 26. Rdc1 Nxb2 27. Nxb2 Qb6 28. Nc4 Qd4 29. Qb3 Bc5 30. Ne3 Ra8 31. Rxa8 Rxa8 32. Rc4 Ra1+ 33. Bf1 Ra3 34. Qb1 Ra1 35. Qc2 Qxe3 36. fxe3 Bxe3+ 37. Kg2 Ba6 38. Rc8+ Bxc8 39. Qxc8+ Kf7 40. Qe6+ Kg6 41. Be2 b3 42. Qe8+ Kg5 43. Qh5# 1-0


[Site "https://www.chess.com"]

[Event "Titled Tuesday Blitz August 1 Early 2023"]
[White "Molina, Roberto Junio Brito"]
[Black "Gontcharov, Vladislav"]
[WhiteFideId "2109450"]
[BlackFideId "4123492"]
[WhiteElo "2822"]
[BlackElo "2540"]
[Result "1-0"]
[Round "11"]
[TimeControl "180+1"]
[Date "2023.08.01"]
[WhiteClock "0:00:03"]
[BlackClock "0:00:00"]
[Board "61"]

1. e4 e6 2. d4 d5 3. Nd2 Nf6 4. e5 Nfd7 5. c3 c5 6. Ngf3 Nc6 7. Bd3 Be7 8. O-O g5 9. dxc5 Ndxe5 10. Bb5 O-O 11. Nxe5 Nxe5 12. Nb3 Ng6 13. Be3 e5 14. f3 Be6 15. Qe2 Qc7 16. Rad1 Kg7 17. Rfe1 h6 18. Qf2 Rad8 19. Bd3 Bc8 20. Qc2 Bf6 21. Bf5 Bxf5 22. Qxf5 Qd7 23. Qxd7 Rxd7 24. g4 Rfd8 25. Nc1 Nf8 26. Nd3 d4 27. cxd4 exd4 28. Bd2 Ne6 29. b4 Rd5 30. Rc1 a6 31. c6 bxc6 32. Rxc6 R8d6 33. Rxd6 Rxd6 34. Rc1 Be7 35. Kf2 Rb6 36. a3 Bd6 37. h4 gxh4 38. f4 a5 39. Kf3 axb4 40. axb4 Nc7 41. Ke4 Na6 42. Rc4 h3 43. Kf3 h2 44. Kg2 Be7 45. Kxh2 Re6 46. Kg3 Re2 47. Bc1 Bd6 48. Kf3 Ra2 49. Rxd4 Bf8 50. Ke4 Nc7 51. Rc4 Nb5 52. Bb2+ Kh7 53. Be5 Ra3 54. Nc5 Ra2 55. Kd5 Rd2+ 56. Kc6 Na7+ 57. Kb7 Nb5 58. Kb6 Na3 59. Rd4 Rg2 60. f5 h5 61. gxh5 Kh6 62. Kc6 Kxh5 63. f6 Kg6 64. b5 1-0


[Site "https://www.chess.com"]

[Event "Titled Tuesday Blitz August 1 Early 2023"]
[White "Ismagilov, Damir"]
[Black "Atakhan, Abtin"]
[WhiteFideId "34199982"]
[BlackFideId "22502203"]
[WhiteElo "2534"]
[BlackElo "2764"]
[Result "0-1"]
[Round "11"]
[TimeControl "180+1"]
[Date "2023.08.01"]
[WhiteClock "0:01:58"]
[BlackClock "0:02:16"]
[Board "62"]

1. d4 Nf6 2. c4 g6 3. Nc3 d5 4. cxd5 Nxd5 5. e4 Nxc3 6. bxc3 Bg7 7. Qa4+ Qd7 8. Qa3 O-O 9. Nf3 b6 10. Bd3 c5 11. Bf4 cxd4 12. cxd4 Nc6 13. O-O Nxd4 14. Nxd4 Bxd4 15. Rac1 Bc5 16. Qc3 Rd8 17. Rfd1 Bb7 18. Bb1 Qxd1+ 0-1


[Site "https://www.chess.com"]

[Event "Titled Tuesday Blitz August 1 Early 2023"]
[White "Kleiman, Jake"]
[Black "Csonka, Balazs"]
[WhiteFideId "2020041"]
[BlackFideId "742910"]
[WhiteElo "2531"]
[BlackElo "2701"]
[Result "1/2-1/2"]
[Round "11"]
[TimeControl "180+1"]
[Date "2023.08.01"]
[WhiteClock "0:00:13"]
[BlackClock "0:00:04"]
[Board "63"]

1. e4 c5 2. c3 d5 3. exd5 Qxd5 4. d4 Nc6 5. Nf3 Bg4 6. dxc5 Qxc5 7. Be3 Qa5 8. Be2 Nf6 9. Na3 e6 10. Nc4 Qc7 11. a4 Nd5 12. Bc1 Be7 13. O-O O-O 14. h3 Bh5 15. Re1 Rfd8 16. Qb3 Rab8 17. a5 f6 18. Nh2 Bf7 19. Qa4 e5 20. Bf1 Bf8 21. Nf3 b5 22. axb6 axb6 23. Qb5 Na7 24. Qa6 Nc6 25. Ne3 Nf4 26. Nf5 Ne6 27. Bc4 Na5 28. Ba2 Nc5 29. Bxf7+ Qxf7 30. Qe2 Ncb3 31. Ra4 Nxc1 32. Rxc1 g6 33. Ne3 Nb3 34. Rd1 Nc5 35. Raa1 Be7 36. c4 e4 37. Nd4 f5 38. Nd5 Rxd5 39. cxd5 Qxd5 40. Qb5 Rd8 41. Nc6 Qxd1+ 42. Rxd1 Rxd1+ 43. Kh2 Bd6+ 44. g3 Rd2 45. Kg1 Nd3 46. Qd5+ Kg7 47. Qxd6 e3 48. fxe3 Rd1+ 49. Kh2 Rd2+ 50. Kg1 Rd1+ 51. Kh2 Rd2+ 52. Kg1 1/2-1/2


[Site "https://www.chess.com"]

[Event "Titled Tuesday Blitz August 1 Early 2023"]
[White "Berezin, Viktor"]
[Black "Oleksiyenko, Mykhaylo"]
[WhiteFideId "14107872"]
[BlackFideId "4152417"]
[WhiteElo "2527"]
[BlackElo "2685"]
[Result "0-1"]
[Round "11"]
[TimeControl "180+1"]
[Date "2023.08.01"]
[WhiteClock "0:00:01"]
[BlackClock "0:00:16"]
[Board "64"]

1. d4 d5 2. Nf3 Nf6 3. c4 e6 4. g3 Be7 5. Bg2 O-O 6. O-O c6 7. Qc2 dxc4 8. Qxc4 b5 9. Qc2 Bb7 10. Bf4 Nbd7 11. Nbd2 c5 12. dxc5 Nxc5 13. Nb3 Be4 14. Qd1 Qxd1 15. Rfxd1 Bc2 16. Re1 Nxb3 17. axb3 Bxb3 18. Nd4 Bd5 19. Nxb5 Bxg2 20. Kxg2 Nd5 21. Rxa7 Nxf4+ 22. gxf4 Bf6 23. b4 Rab8 24. Nd6 Rxb4 25. Rc1 Rxf4 26. e3 Rg4+ 27. Kf3 Rh4 28. Kg2 Be5 29. Nc4 Rxh2+ 30. Kf3 Bf6 31. Nb6 Bh4 32. Rc2 h5 33. Nd7 Rd8 34. Ne5 Bf6 35. Nxf7 Rf8 36. Nd6 Be5+ 37. Ke4 Bxd6 38. Rc6 Bb8 39. Rb7 Rhxf2 40. Rxe6 h4 41. Ree7 Rg2 42. Rb1 h3 43. Rh1 h2 44. Rb7 Rg1 45. Rb1 Rxb1 46. Rxb1 Bg3 47. Kd3 Rf2 48. e4 Rg2 49. Ke3 Rg1 0-1


[Site "https://www.chess.com"]

[Event "Titled Tuesday Blitz August 1 Early 2023"]
[White "Skliarov, Viktor"]
[Black "Ordekalog"]
[WhiteFideId "14106736"]
[WhiteElo "2651"]
[BlackElo "2528"]
[Result "1-0"]
[Round "11"]
[TimeControl "180+1"]
[Date "2023.08.01"]
[WhiteClock "0:00:06"]
[BlackClock "0:00:08"]
[Board "65"]

1. e4 c5 2. Nf3 e6 3. c3 d5 4. e5 d4 5. Bb5+ Bd7 6. Bxd7+ Qxd7 7. d3 Nc6 8. c4 Nh6 9. Bxh6 gxh6 10. O-O Rg8 11. Nbd2 Bg7 12. Qe2 O-O-O 13. a3 Qc7 14. Rfe1 a5 15. Ne4 Nxe5 16. b4 cxb4 17. axb4 axb4 18. c5 Kb8 19. Nd6 Nxf3+ 20. Qxf3 Rd7 21. Ra4 Qxc5 22. Rea1 Kc7 23. Ne4 Qc6 24. Rxb4 Kb8 25. Rab1 Rc8 26. Qg3+ e5 27. h4 f5 28. Nd2 Qg6 29. Qf3 e4 30. dxe4 fxe4 31. Nxe4 d3 32. Nc5 Rxc5 33. Rxb7+ Kc8 34. Rb8+ Kc7 35. R1b7+ Kd6 36. Rb6+ Kc7 37. Qb7# 1-0


[Site "https://www.chess.com"]

[Event "Titled Tuesday Blitz August 1 Early 2023"]
[White "Arias, Juan Cruz"]
[Black "Estrada Nieto, Julian"]
[WhiteFideId "118540"]
[BlackFideId "5101018"]
[WhiteElo "2631"]
[BlackElo "2523"]
[Result "1/2-1/2"]
[Round "11"]
[TimeControl "180+1"]
[Date "2023.08.01"]
[WhiteClock "0:00:18"]
[BlackClock "0:00:36"]
[Board "66"]

1. d4 d5 2. Nf3 Nf6 3. e3 e6 4. Bd3 c5 5. b3 Nc6 6. Bb2 Bd6 7. O-O O-O 8. a3 b6 9. Nbd2 Bb7 10. Qe2 Ne7 11. Ne5 Ne4 12. Bxe4 dxe4 13. Ndc4 Bc7 14. dxc5 bxc5 15. Rfd1 Nd5 16. Qg4 f5 17. Qe2 Qe7 18. Nd2 Rfd8 19. Qb5 Nb6 20. Ndc4 Nxc4 21. Nxc4 Bd5 22. Nd2 Qd7 23. Qxd7 Rxd7 24. Nc4 Rad8 25. Ne5 Bxe5 26. Bxe5 Bc6 27. Rxd7 Rxd7 28. Kf1 Rd2 29. Rc1 Bb5+ 30. Kg1 c4 31. Bc3 Rd5 32. b4 Ba4 33. Kf1 e5 34. Ke2 Kf7 35. Rd1 Ke6 36. Rxd5 Kxd5 37. Kd2 g5 38. Kc1 f4 39. Be1 Bd7 40. Kb2 g4 41. Kc3 Ba4 42. Kd2 h5 43. Kc3 h4 44. g3 fxg3 45. fxg3 h3 46. Bd2 a6 47. Bc1 Bb5 48. Bb2 Ba4 49. Kd2 Bb5 50. Kc3 Ba4 51. Kd2 Bb5 52. Kc3 1/2-1/2


[Site "https://www.chess.com"]